 Dungeon Crawl Stone Soup version 0.17.0-9-g801d43b (console) character file.

39 gw the Chiller (level 3, -2/28 HPs)
             Began as a Hill Orc Ice Elementalist on Nov 9, 2015.
             Slain by a gnoll (5 damage)
             ... on level 2 of the Dungeon.
             The game lasted 00:01:28 (1836 turns).

gw the Chiller (Hill Orc Ice Elementalist)          Turns: 1836, Time: 00:01:28

Health: -2/28      AC:  3    Str: 10    XL:     3   Next: 47%
Magic:  0/6        EV: 11    Int: 16    God:
Gold:   64         SH:  0    Dex: 11    Spells: 3 memorised, 0 levels left

rFire  . . .     SeeInvis .     b - +0 short sword
rCold  . . .     Clarity  .     g - +0 leather armour {rPois}
rNeg   . . .     SustAt   .     (no shield)
rPois  +         Gourm    .     (no helmet)
rElec  .         Spirit   .     (no cloak)
rCorr  .         Warding  .     (no gloves)
rMut   .         Stasis   .     (no boots)
MR     .....                    (no amulet)
Stlth  +.........               (no ring)
                                (no ring)

@: not resistant to hostile enchantments, very unstealthy
A: no striking features
a: no special abilities


You were on level 2 of the Dungeon.
You were hungry.

You visited 1 branch of the dungeon, and saw 2 of its levels.

You collected 64 gold pieces.

Inventory:

Hand Weapons
 b - a +0 short sword (weapon)
Missiles
 d - 35 stones
 f - 2 tomahawks (quivered)
Armour
 g - a +0 leather armour of poison resistance (worn)
Books
 e - a book of Frost

   Spells                             Type                      Level
   a - Freeze                         Ice                          1
   b - Throw Frost                    Conjuration/Ice              2
   c - Ozocubu's Armour               Charms/Ice                   3
   d - Throw Icicle                   Conjuration/Ice              4
   e - Summon Ice Beast               Ice/Summoning                4
   f - Condensation Shield            Ice                          4
Comestibles
 c - a bread ration


   Skills:
 + Level 1.2 Fighting
 + Level 1.2 Armour
 - Level 1.5 Dodging
 - Level 1.5 Stealth
 * Level 2.0 Spellcasting
 - Level 1.0 Conjurations
 + Level 3.1 Ice Magic


You couldn't memorise any spells.
You knew the following spells:

 Your Spells              Type           Power        Failure   Level  Hunger
a - Freeze                Ice            ##..         10%         1    #......
b - Throw Frost           Conj/Ice       #.....       17%         2    ###....
c - Ozocubu's Armour      Chrm/Ice       #.......     43%         3    ###....


Dungeon Overview and Level Annotations

Branches:
Dungeon (2/15)

Altars:


Message History

Unknown command.
Unknown command.
Unknown command.
MOVING TO (7,-7)
The gnoll hits you. The gnoll completely misses you.
Unknown command.
Unknown command.
Unknown command.
ATTACK MOVE TO (0,-1)
You hit the gnoll but do no damage.
The gnoll is severely wounded.
The gnoll barely misses you. The gnoll hits you with a halberd.
The gnoll hits you with a club. The gnoll barely misses you.
Unknown command.
Unknown command.
Unknown command.
Unknown command.
MOVING TO (-3,7)
The gnoll hits you.
You die...

#.# ####.# # ######....#
#. #.........# ######
#.##........[####.....
#.#.....................
...(...ggg..............
####..g....#..........
##o#'####........g. #.#
# #..........
....####..........
................g..
......####.....#+#+#
#.....>+.............
#......####....%.....
#....!.# #####......
#......


You could see 4 gnolls.

Table legend:
 A = Turns spent in this place as a percentage of turns spent in the entire game.
 B = Non-inter-level travel turns spent in this place as a percentage of non-inter-level travel turns spent in the entire game.
 C = Inter-level travel turns spent in this place as a percentage of turns spent in this place.
 D = Turns resting spent in this place as a percentage of non-inter-level travel turns spent in this place.
 E = Turns spent auto-exploring this place as a percentage of non-inter-level travel turns spent in this place.
 F = Non-inter-level travel turns spent in this place divided by the number of levels of this place that you've seen.
                   A       B       C       D       E      F
               +-------+-------+-------+-------+-------+----------------------
         Total | 100.0 | 100.0 |   0.4 |   2.8 |   2.3 | 1114.0
       Dungeon | 100.0 | 100.0 |   0.4 |   2.8 |   2.3 | 1114.0
               +-------+-------+-------+-------+-------+----------------------

Table legend:
 A = Kills in this place as a percentage of kills in entire the game.
 B = Kills by you in this place as a percentage of kills by you in the entire game.
 C = Kills by friends in this place as a percentage of kills by friends in the entire game.
 D = Other kills in this place as a percentage of other kills in the entire game.
 E = Experience gained in this place as a percentage of experience gained in the entire game.
 F = Experience gained in this place divided by the number of levels of this place that you have seen.
                   A       B       C       D       E      F
               +-------+-------+-------+-------+-------+----------------------
         Total | 100.0 | 100.0 |  -nan |  -nan | 100.0 |  28.5
       Dungeon | 100.0 | 100.0 |  -nan |  -nan | 100.0 |  28.5
               +-------+-------+-------+-------+-------+----------------------

Vanquished Creatures
  2 oozes
  4 bats
  5 hobgoblins
  4 jackals (D:1)
  2 giant newts (D:1)
  4 goblins
  4 kobolds
  5 rats
30 creatures vanquished.

Notes
Turn   | Place    | Note
--------------------------------------------------------------
     0 | D:1      | gw the Hill Orc Ice Elementalist began the quest for the Orb.
     0 | D:1      | Reached XP level 1. HP: 14/14 MP: 3/3
   468 | D:1      | Reached XP level 2. HP: 22/22 MP: 1/4
   511 | D:1      | Reached skill level 1 in Fighting
   659 | D:1      | Learned a level 2 spell: Throw Frost
   914 | D:1      | Reached skill level 3 in Ice Magic
  1143 | D:1      | Reached XP level 3. HP: 28/28 MP: 0/5
  1309 | D:1      | Learned a level 3 spell: Ozocubu's Armour
  1573 | D:1      | Reached skill level 1 in Armour
  1836 | D:2      | Slain by a gnoll

Action                   || total
-------------------------++-------
Melee: Short sword       ||    27
Throw: Stone             ||    37
       Tomahawk          ||    16
 Cast: Freeze            ||    17
       Throw Frost       ||    21
  Eat: Chunk             ||     4

Vault maps used:
D:1:      eino_arrival_water_cross
D:2:      marbit_many_paths, grunt_ministairs_10, okawaru_trees_2
